[Event "Titled Tuesday Blitz August 08 Late 2023"]
[White "Ibadov, Dashgyn"]
[Black "AndresDelgado77"]
[WhiteFideId "24107514"]
[WhiteElo "2500"]
[BlackElo "2318"]
[Result "1-0"]
[Round "2"]
[TimeControl "180+1"]
[Date "2023.08.08"]
[WhiteClock "0:00:19"]
[BlackClock "0:00:00"]
[Board "146"]

1. e4 e6 2. d4 d5 3. Nc3 Nf6 4. e5 Nfd7 5. Nce2 b6 6. Nf3 Ba6 7. g3 c5 8. c3 Nc6 9. a3 Be7 10. Bg2 Qc7 11. O-O h6 12. Re1 Bxe2 13. Qxe2 c4 14. h4 a5 15. a4 O-O-O 16. b3 cxb3 17. Rb1 Rdg8 18. Rxb3 g5 19. h5 Kb7 20. Be3 Ka7 21. Reb1 Rb8 22. Bf1 Rb7 23. Ne1 Ncb8 24. Nc2 Rc8 25. Qd3 Nf8 26. Bc1 Qc6 27. Ba3 Rcc7 28. Bxe7 Rxe7 29. Na3 Re8 30. Nb5+ Ka8 31. Nd6 Rc8 32. Nxc8 Qxc8 33. Rxb6 Rxb6 34. Rxb6 Nfd7 35. Rb5 Nc6 36. c4 dxc4 37. Qxc4 Qc7 38. Bg2 Nb8 39. Rc5 Kb7 40. Qb5+ Qb6 41. Bxc6+ Nxc6 42. Rxc6 1-0


[Site "https://www.chess.com"]

[Event "Titled Tuesday Blitz August 08 Late 2023"]
[White "Stachanczyk, Jacek"]
[Black "Sam, Gabriel"]
[WhiteFideId "1116657"]
[BlackFideId "75000776"]
[WhiteElo "2318"]
[BlackElo "2500"]
[Result "0-1"]
[Round "2"]
[TimeControl "180+1"]
[Date "2023.08.08"]
[WhiteClock "0:00:14"]
[BlackClock "0:00:02"]
[Board "147"]

1. c4 e5 2. Nc3 Nf6 3. g3 d5 4. cxd5 Nxd5 5. Bg2 Nb6 6. Nf3 Nc6 7. a3 Be7 8. b4 a6 9. O-O O-O 10. d3 Be6 11. Bb2 Qd7 12. Rc1 f6 13. Ne4 Bd5 14. Nc5 Qc8 15. Qc2 Nd8 16. d4 exd4 17. Rfd1 c6 18. Rxd4 Ne6 19. Nxe6 Qxe6 20. e4 Bb3 21. Qd3 Qf7 22. Nd2 Be6 23. Qe3 Na4 24. Ba1 Rfd8 25. Rxd8+ Rxd8 26. h3 c5 27. bxc5 Bxc5 28. Qe2 Bxa3 29. Rb1 b5 30. Nf3 Ba2 31. Rd1 Re8 32. Nd4 Bc4 33. Qf3 Bc5 34. Nf5 Nb6 35. Qg4 Qg6 36. Qf4 Be6 37. Kh2 Nc4 38. Qc7 Bf8 39. Qc6 Qf7 40. Qxa6 Rb8 41. Bd4 b4 42. Ne3 Nxe3 43. Bxe3 b3 44. Rb1 Qd7 45. Bf1 Qc8 46. Qa4 Ra8 47. Qd4 Ba3 48. f4 b2 49. Qd2 Ba2 50. Bd3 Bxb1 51. Bxb1 Rb8 52. h4 Kh8 53. h5 Qc1 54. Qd3 Qe1 55. h6 Bf8 56. e5 g6 57. exf6 Re8 58. Bd4 Re2+ 59. Kh3 Qh1+ 60. Kg4 Qh5# 0-1


[Site "https://www.chess.com"]

[Event "Titled Tuesday Blitz August 08 Late 2023"]
[White "Garmendiarov"]
[Black "Yu, Jennifer"]
[BlackFideId "2078341"]
[WhiteElo "2316"]
[BlackElo "2499"]
[Result "0-1"]
[Round "2"]
[TimeControl "180+1"]
[Date "2023.08.08"]
[WhiteClock "0:00:07"]
[BlackClock "0:00:16"]
[Board "148"]

1. e4 e5 2. Nf3 Nc6 3. Bb5 a6 4. Ba4 Nf6 5. O-O b5 6. Bb3 Be7 7. Re1 O-O 8. a4 Bb7 9. d3 d6 10. Nbd2 Nd4 11. Nxd4 exd4 12. Nf3 c5 13. Bg5 h6 14. Bh4 Rc8 15. axb5 axb5 16. Bxf6 Bxf6 17. Bd5 Qb6 18. Qd2 Ra8 19. b3 Bxd5 20. exd5 Qb7 21. h3 Qxd5 22. Ra5 Qc6 23. Rea1 Rxa5 24. Qxa5 c4 25. Qa6 Qc5 26. Ra5 cxb3 27. cxb3 Qc1+ 28. Kh2 Qc2 29. Qxb5 Qxf2 30. Qc4 Re8 31. Ra7 Be5+ 32. Nxe5 Rxe5 33. Ra1 Re2 34. Rg1 Kh7 35. Qd5 f5 36. Qxd6 f4 37. Qd5 Qg3+ 38. Kh1 Qg6 39. Qxd4 f3 40. Qe4 Rxe4 41. dxe4 f2 42. Rf1 Qxe4 43. Rxf2 Qe1+ 44. Kh2 Qxf2 0-1


[Site "https://www.chess.com"]

[Event "Titled Tuesday Blitz August 08 Late 2023"]
[White "Michalczak, Thomas"]
[Black "Weisz, Bryan"]
[WhiteFideId "4622634"]
[BlackFideId "30934133"]
[WhiteElo "2498"]
[BlackElo "2312"]
[Result "1-0"]
[Round "2"]
[TimeControl "180+1"]
[Date "2023.08.08"]
[WhiteClock "0:02:00"]
[BlackClock "0:01:28"]
[Board "149"]

1. e4 c5 2. c3 e6 3. d4 Qb6 4. d5 exd5 5. exd5 d6 6. c4 Be7 7. Nc3 Nf6 8. Nf3 O-O 9. Bd3 Bg4 10. h3 Bh5 11. O-O Nbd7 12. g4 Bg6 13. Bxg6 hxg6 14. Re1 Rfe8 15. Qc2 Bf8 16. Bf4 Qb4 17. Nb5 Nxd5 18. Bd2 Nc3 19. Qxc3 Qxc3 20. Bxc3 1-0


[Site "https://www.chess.com"]

[Event "Titled Tuesday Blitz August 08 Late 2023"]
[White "Lalanne, Pablo"]
[Black "Olivares Olivares, Claudio"]
[WhiteFideId "112151"]
[BlackFideId "3400786"]
[WhiteElo "2312"]
[BlackElo "2496"]
[Result "0-1"]
[Round "2"]
[TimeControl "180+1"]
[Date "2023.08.08"]
[WhiteClock "0:00:11"]
[BlackClock "0:00:28"]
[Board "150"]

1. e4 c5 2. Nf3 d6 3. d4 cxd4 4. Nxd4 Nf6 5. Nc3 a6 6. Bc4 e6 7. Bb3 Nbd7 8. Bg5 Nc5 9. f4 Be7 10. Qe2 O-O 11. O-O-O Qc7 12. Kb1 b5 13. e5 dxe5 14. fxe5 Ne8 15. Bxe7 Qxe7 16. h4 Bb7 17. h5 h6 18. a3 Nc7 19. Rhg1 Rfd8 20. g4 Qg5 21. Nf3 Bxf3 22. Qxf3 Qxe5 23. Rdf1 Rd7 24. g5 hxg5 25. h6 gxh6 26. Qh5 Qg7 27. Ne2 Nxb3 28. cxb3 Nd5 29. Ng3 Ne3 30. Qf3 Rd2 31. Qxa8+ Kh7 32. Rxf7 Qxf7 33. Qe4+ Qg6 34. Rc1 Qxe4+ 35. Nxe4 Rd1 36. Rxd1 Nxd1 37. Nc5 g4 38. Nxe6 g3 39. Nf4 Ne3 40. b4 g2 41. Nh3 Kg6 42. b3 Kf5 43. a4 Kg4 44. Ng1 Kg3 45. Kc1 h5 46. Kd2 Nf5 47. Kd3 h4 48. Ke4 Nd6+ 49. Kd5 h3 0-1


[Site "https://www.chess.com"]

[Event "Titled Tuesday Blitz August 08 Late 2023"]
[White "Remolar Gallen, Jose"]
[Black "Steindl, Johannes"]
[WhiteFideId "2215187"]
[BlackFideId "1643266"]
[WhiteElo "2493"]
[BlackElo "2310"]
[Result "1-0"]
[Round "2"]
[TimeControl "180+1"]
[Date "2023.08.08"]
[WhiteClock "0:00:02"]
[BlackClock "0:00:00"]
[Board "151"]

1. e4 e5 2. Nf3 Nf6 3. Nxe5 Nxe4 4. Qe2 Qe7 5. Qxe4 d6 6. d4 dxe5 7. dxe5 Nc6 8. Bf4 g5 9. Be3 f5 10. Qa4 f4 11. Bd4 Bd7 12. Bc3 Nxe5 13. Qe4 Bg7 14. Be2 Bc6 15. Bh5+ Kd8 16. Qe2 Bxg2 17. Nd2 Nd7 18. Qxe7+ Kxe7 19. Bxg7 Bxh1 20. Bxh8 Rxh8 21. f3 Nf6 22. O-O-O Nxh5 23. Rxh1 Nf6 24. Rg1 h6 25. c3 Rd8 26. Kc2 Nd5 27. h4 Ne3+ 28. Kc1 Rd5 29. hxg5 hxg5 30. Ne4 g4 31. fxg4 Re5 32. Nd2 Nd5 33. Nf3 Re3 34. Nd4 Kf7 35. g5 Rg3 36. Rxg3 fxg3 37. Ne2 g2 38. Kd2 Nf4 39. Ng1 1-0


[Site "https://www.chess.com"]

[Event "Titled Tuesday Blitz August 08 Late 2023"]
[White "Lopez Idarraga, Daniel Eduardo"]
[Black "chess123456s"]
[WhiteFideId "4405501"]
[WhiteElo "2309"]
[BlackElo "2493"]
[Result "0-1"]
[Round "2"]
[TimeControl "180+1"]
[Date "2023.08.08"]
[WhiteClock "0:00:51"]
[BlackClock "0:01:59"]
[Board "152"]

1. d4 d5 2. Nf3 Nf6 3. c4 c6 4. e3 e6 5. Nc3 Nbd7 6. Bd2 Bd6 7. Qc2 O-O 8. Rd1 b6 9. cxd5 exd5 10. Bd3 Re8 11. O-O Bb7 12. Rfe1 c5 13. e4 cxd4 14. Nxd4 dxe4 15. Nxe4 Rc8 16. Qb1 Nxe4 17. Bxe4 Bxe4 18. Rxe4 Rxe4 19. Qxe4 Nf6 20. Qh4 Be5 21. Bc3 Ne4 22. Qxd8+ Rxd8 23. Re1 Bxd4 0-1


[Site "https://www.chess.com"]

[Event "Titled Tuesday Blitz August 08 Late 2023"]
[White "Talbi, Chafik"]
[Black "Womacka, Mathias"]
[WhiteFideId "7903715"]
[BlackFideId "4611390"]
[WhiteElo "2306"]
[BlackElo "2490"]
[Result "0-1"]
[Round "2"]
[TimeControl "180+1"]
[Date "2023.08.08"]
[WhiteClock "0:00:01"]
[BlackClock "0:00:10"]
[Board "154"]

1. e4 c5 2. Nf3 d6 3. c3 Nf6 4. Bd3 Bg4 5. h3 Bh5 6. Bc2 Nc6 7. d3 e6 8. a4 Be7 9. Nbd2 d5 10. O-O O-O 11. Qe2 Qc7 12. Re1 a6 13. Nf1 b5 14. Ng3 Bg6 15. Nh4 b4 16. Nxg6 hxg6 17. Bg5 Rfe8 18. Rac1 Qa5 19. h4 bxc3 20. bxc3 Qxc3 21. exd5 Nxd5 22. Ne4 Qa5 23. Bb3 Nd4 24. Qd1 Bxg5 25. hxg5 Rec8 26. Nd6 Rc6 27. Nc4 Qc7 28. Ne5 Rb6 29. Bxd5 exd5 30. Qg4 Nf5 31. Qf3 Rd8 32. g4 Nd4 33. Qf4 Ne6 34. Qg3 Nxg5 35. Kg2 Re6 36. Nxg6 Qxg3+ 37. Kxg3 Rxg6 38. f4 Nh7 39. Rxc5 Rgd6 40. Re5 Nf8 41. f5 Nd7 42. Rexd5 Nxc5 43. Rxc5 Rxd3+ 44. Kh4 R3d4 45. Rc6 R4d6 46. Rc5 Rd5 47. Rc6 R8d6 48. Rc8+ Kh7 49. g5 Rxf5 50. a5 Rxa5 51. Rc7 Rd4+ 52. Kh5 g6# 0-1


[Site "https://www.chess.com"]

[Event "Titled Tuesday Blitz August 08 Late 2023"]
[White "Maus7"]
[Black "UgarteCesar"]
[WhiteElo "2490"]
[BlackElo "2303"]
[Result "0-1"]
[Round "2"]
[TimeControl "180+1"]
[Date "2023.08.08"]
[WhiteClock "0:00:00"]
[BlackClock "0:01:25"]
[Board "155"]

1. e4 c5 2. Nf3 Nc6 3. d4 cxd4 4. Nxd4 Qb6 5. Nb3 Nf6 6. Bd3 e6 7. O-O a6 8. c4 d6 9. Nc3 Qc7 10. f4 Be7 11. Be3 b6 12. a3 O-O 13. Nd2 Bb7 14. Rc1 Qd8 15. b4 Rc8 16. Qb3 Ng4 17. Bf2 Nxf2 18. Rxf2 Nd4 19. Qd1 d5 20. cxd5 exd5 21. e5 g6 22. f5 Bg5 23. fxg6 fxg6 24. Rxf8+ Qxf8 25. Ne2 Nxe2+ 26. Bxe2 Rxc1 27. Qxc1 Qf4 28. Qc7 Qxd2 29. Qb8+ Kg7 30. Qxb7+ Kh6 31. Qxa6 Be3+ 32. Kh1 Qe1+ 33. Bf1 Qf2 0-1


[Site "https://www.chess.com"]

[Event "Titled Tuesday Blitz August 08 Late 2023"]
[White "Fontaine, Quentin"]
[Black "rionelG"]
[WhiteFideId "230804"]
[WhiteElo "2488"]
[BlackElo "2301"]
[Result "0-1"]
[Round "2"]
[TimeControl "180+1"]
[Date "2023.08.08"]
[WhiteClock "0:00:10"]
[BlackClock "0:00:07"]
[Board "156"]

1. Nf3 Nf6 2. g3 g6 3. b3 Bg7 4. Bb2 O-O 5. Bg2 d6 6. d4 Nbd7 7. O-O e5 8. dxe5 dxe5 9. Nxe5 Ng4 10. Nc4 Nde5 11. Nba3 Be6 12. h3 Nxc4 13. Nxc4 Bxc4 14. Bxg7 Kxg7 15. bxc4 Ne5 16. Qd5 Qf6 17. Qxb7 c6 18. c5 Rfb8 19. Qc7 Rb5 20. Qd6 Rd8 21. Qxf6+ Kxf6 22. f4 Nc4 23. e4 Ne3 24. e5+ Kg7 25. Rf2 Rxc5 26. Be4 Rd4 27. Bd3 Nd5 28. Re1 Nb4 29. f5 Nxd3 30. cxd3 Rxd3 31. f6+ Kf8 32. Kg2 Rcc3 33. Rb1 Ke8 34. Rb8+ Kd7 35. Rb7+ Ke6 36. Re7+ Kd5 37. Rd7+ Kxe5 38. Rxd3 Rxd3 39. Rc2 Kd5 40. Rb2 Ra3 41. Rb7 Rxa2+ 42. Kf3 Ra3+ 43. Kg4 h5+ 44. Kh4 Ra4+ 45. Kg5 Ra3 46. Rxf7 Rxg3+ 47. Kf4 Rxh3 48. Re7 Rh1 49. Re5+ Kd6 50. Re3 Rf1+ 51. Kg5 c5 52. Kxg6 c4 53. f7 Kc5 54. Re5+ Kd6 55. Rf5 Rxf5 56. Kxf5 Ke7 0-1


[Site "https://www.chess.com"]

[Event "Titled Tuesday Blitz August 08 Late 2023"]
[White "Reprintsev, Alexander"]
[Black "Schmidt, Harald"]
[WhiteFideId "14100541"]
[BlackFideId "4648358"]
[WhiteElo "2488"]
[BlackElo "2293"]
[Result "1-0"]
[Round "2"]
[TimeControl "180+1"]
[Date "2023.08.08"]
[WhiteClock "0:00:12"]
[BlackClock "0:00:00"]
[Board "157"]

1. e4 d6 2. d4 Nf6 3. Nc3 g6 4. h4 h5 5. Nf3 Nc6 6. d5 Nb8 7. Ng5 c6 8. Be3 Bg7 9. Qd2 Nbd7 10. O-O-O a6 11. f3 c5 12. Ne2 b5 13. Nf4 Ne5 14. Be2 Rb8 15. b3 b4 16. Nd3 Nxd3+ 17. Bxd3 Nd7 18. f4 Bc3 19. Qf2 Qa5 20. Kb1 Nb6 21. Bc1 c4 22. Be2 cxb3 23. cxb3 Nd7 24. g4 hxg4 25. h5 gxh5 26. Bxg4 Nf6 27. Bxc8 Rxc8 28. Bb2 Bxb2 29. Qxb2 Rg8 30. Rhg1 Qc7 31. Rc1 Qd7 32. e5 Nxd5 33. Rxc8+ Qxc8 34. exd6 Qf5+ 35. Ka1 Qxf4 36. d7+ Kxd7 37. Qg2 Qd4+ 38. Kb1 Nc3+ 39. Kc2 Rc8 40. Qh3+ e6 41. Nxe6 1-0


[Site "https://www.chess.com"]

[Event "Titled Tuesday Blitz August 08 Late 2023"]
[White "GAO"]
[Black "Jovic, Stanoje"]
[BlackFideId "905020"]
[WhiteElo "2292"]
[BlackElo "2487"]
[Result "0-1"]
[Round "2"]
[TimeControl "180+1"]
[Date "2023.08.08"]
[WhiteClock "0:01:31"]
[BlackClock "0:01:11"]
[Board "158"]

1. Nf3 Nf6 2. b3 b6 3. Bb2 e6 4. e3 Bb7 5. d4 Be7 6. Be2 O-O 7. O-O c5 8. c3 d5 9. Nbd2 Nc6 10. Ne5 Nxe5 11. dxe5 Nd7 12. c4 Qc7 13. f4 Rad8 14. Qe1 f6 15. Qd1 fxe5 16. cxd5 exd5 17. fxe5 Nxe5 18. Nf3 Ng4 19. h3 Nxe3 20. Qd3 Nxf1 21. Rxf1 Bf6 22. Bc1 c4 23. bxc4 dxc4 24. Qxc4+ Qxc4 25. Bxc4+ Bd5 26. Bxd5+ Rxd5 27. Bf4 Rc8 28. Re1 Rc2 29. Re8+ Kf7 30. Rb8 Rxa2 31. Rb7+ Ke8 32. h4 Rb5 33. Bg3 Rbb2 34. Ne1 Bc3 35. Bd6 Bxe1 36. Re7+ Kd8 37. Rxe1 Rxg2+ 38. Kf1 0-1


[Site "https://www.chess.com"]

[Event "Titled Tuesday Blitz August 08 Late 2023"]
[White "Fajdetic, Hrvoje"]
[Black "Sebag, Marie"]
[WhiteFideId "14501945"]
[BlackFideId "617822"]
[WhiteElo "2292"]
[BlackElo "2487"]
[Result "0-1"]
[Round "2"]
[TimeControl "180+1"]
[Date "2023.08.08"]
[WhiteClock "0:00:00"]
[BlackClock "0:00:38"]
[Board "159"]

1. d4 d5 2. Bf4 Nf6 3. e3 c5 4. Nc3 cxd4 5. exd4 a6 6. Bd3 Nc6 7. Nce2 Bg4 8. c3 e6 9. Qb3 Qd7 10. h4 Be7 11. Nh3 h6 12. f3 Bf5 13. Bxf5 exf5 14. Nf2 O-O 15. Nd3 Rfe8 16. Kf2 Bd6 17. Bxd6 Qxd6 18. Nef4 Re7 19. Rhe1 Rae8 20. Rxe7 Rxe7 21. Re1 Rxe1 22. Kxe1 g5 23. hxg5 hxg5 24. Nh3 Qg3+ 25. Kf1 g4 26. Ng1 Ne4 27. fxe4 Qxd3+ 28. Kf2 dxe4 29. Ne2 e3+ 30. Ke1 Qb1+ 31. Qd1 Qxb2 32. d5 Ne5 33. d6 Qb5 34. Nd4 Qd5 35. Nxf5 Nd3+ 36. Ke2 Nf4+ 37. Kxe3 Qxd1 38. Kxf4 Kf8 39. Ke5 Qe2+ 40. Kd5 Qe6+ 0-1


[Site "https://www.chess.com"]

[Event "Titled Tuesday Blitz August 08 Late 2023"]
[White "Vafin, Ayrat"]
[Black "Molenda, Marcin"]
[WhiteFideId "4146530"]
[BlackFideId "1173065"]
[WhiteElo "2290"]
[BlackElo "2483"]
[Result "1-0"]
[Round "2"]
[TimeControl "180+1"]
[Date "2023.08.08"]
[WhiteClock "0:00:12"]
[BlackClock "0:00:00"]
[Board "160"]

1. Nf3 g6 2. g3 Bg7 3. d4 b6 4. Bg2 Bb7 5. O-O Nf6 6. c4 O-O 7. d5 c6 8. Nc3 cxd5 9. cxd5 Na6 10. e4 Rc8 11. e5 Ne8 12. Re1 d6 13. e6 f5 14. Nb5 Rc5 15. Nxa7 Qa8 16. Nc6 Bxc6 17. dxc6 Qxc6 18. Be3 Bxb2 19. Rb1 Bg7 20. Ne5 Qc7 21. Bxc5 Nxc5 22. Nd7 Nxd7 23. exd7 Qxd7 24. Rxb6 f4 25. Qb3+ Kh8 26. Rb7 Qf5 27. Rexe7 fxg3 28. Qxg3 Qc2 29. Be4 Qxa2 30. Bc6 Qa1+ 31. Kg2 Nf6 32. Rxg7 Qc1 33. Qf3 1-0


[Site "https://www.chess.com"]

[Event "Titled Tuesday Blitz August 08 Late 2023"]
[White "Biregina"]
[Black "Rodriguez Santiago, Jaime"]
[BlackFideId "3100898"]
[WhiteElo "2482"]
[BlackElo "2287"]
[Result "0-1"]
[Round "2"]
[TimeControl "180+1"]
[Date "2023.08.08"]
[WhiteClock "0:00:00"]
[BlackClock "0:00:18"]
[Board "161"]

1. d3 Nf6 2. Nd2 d5 3. g3 c5 4. Bg2 Nc6 5. c4 d4 6. Ngf3 e5 7. O-O Be7 8. a4 O-O 9. a5 h6 10. Nb3 Be6 11. e3 Qd7 12. exd4 exd4 13. Re1 Rfe8 14. Bd2 Bf8 15. Qc2 Bh3 16. Bh1 Bd6 17. Rxe8+ Rxe8 18. Re1 Rxe1+ 19. Bxe1 Qe7 20. Bg2 Bxg2 21. Kxg2 Ne5 22. Nxe5 Qxe5 23. Qd1 h5 24. f4 Qe7 25. Bf2 Ng4 26. Nd2 Nxf2 27. Kxf2 Qe3+ 28. Kg2 Qxd3 29. Qe1 g6 30. Nf3 Qxc4 31. Ng5 Qd5+ 32. Kh3 d3 33. Ne4 Qf5+ 34. Kg2 Bf8 35. Qe3 c4 36. Nd2 Qd5+ 37. Qe4 Qxe4+ 38. Nxe4 Bg7 39. Nd2 c3 40. bxc3 Bxc3 41. Ne4 Bxa5 42. Kf1 d2 43. Ke2 Kg7 44. Nc5 b6 45. Nb3 Bb4 46. Nd4 a5 47. Nc6 Bc3 48. Na7 Kf6 49. Nb5 Bb4 50. Nc7 Kf5 0-1


[Site "https://www.chess.com"]

[Event "Titled Tuesday Blitz August 08 Late 2023"]
[White "Garcia-Castany Musellas, Gal.la"]
[Black "Mortazavi, Ali"]
[WhiteFideId "2241803"]
[BlackFideId "401323"]
[WhiteElo "2285"]
[BlackElo "2480"]
[Result "0-1"]
[Round "2"]
[TimeControl "180+1"]
[Date "2023.08.08"]
[WhiteClock "0:00:09"]
[BlackClock "0:00:20"]
[Board "162"]

1. e4 c6 2. Nc3 d5 3. Nf3 dxe4 4. Nxe4 Nf6 5. Qe2 Be6 6. d4 Nxe4 7. Qxe4 Bd5 8. Qd3 Bxf3 9. gxf3 g6 10. Be3 Bg7 11. O-O-O e6 12. Kb1 Nd7 13. h4 h5 14. c4 Nf6 15. Qc2 Qc7 16. Bd3 O-O-O 17. Rhg1 Kb8 18. f4 Ng4 19. Be2 Nxe3 20. fxe3 Qe7 21. Bf3 Qxh4 22. d5 cxd5 23. cxd5 exd5 24. Bxd5 Rd7 25. Qb3 Qf6 26. Rc1 Rhd8 27. e4 Qxf4 28. Rgf1 Qe5 29. Rxf7 Rxf7 30. Bxf7 Qxe4+ 31. Ka1 Rd2 32. Qg3+ Be5 33. Be6 a5 34. Re1 Bxg3 0-1


[Site "https://www.chess.com"]

[Event "Titled Tuesday Blitz August 08 Late 2023"]
[White "Rakitic2010"]
[Black "Cagara, Paulina"]
[BlackFideId "1124870"]
[WhiteElo "2480"]
[BlackElo "2277"]
[Result "1-0"]
[Round "2"]
[TimeControl "180+1"]
[Date "2023.08.08"]
[WhiteClock "0:00:30"]
[BlackClock "0:00:24"]
[Board "163"]

1. e4 c6 2. Nf3 d5 3. exd5 cxd5 4. Ne5 Nc6 5. d4 Nf6 6. Bb5 Bd7 7. Bxc6 bxc6 8. O-O e6 9. Nd2 c5 10. Nb3 cxd4 11. Qxd4 Bd6 12. Bf4 Qc7 13. c4 O-O 14. c5 Be7 15. c6 Bc8 16. Ng6 Qd8 17. c7 Qd7 18. Nxf8 Bxf8 19. Rfc1 Ne4 20. Rd1 Qb5 21. Rac1 Ba6 22. f3 Nd6 23. Nc5 Nf5 24. Qf2 Rc8 25. Nxa6 Qxa6 26. Kh1 f6 27. Qe1 e5 28. Bxe5 fxe5 29. Qxe5 Qg6 30. Qxd5+ Kh8 31. Qd7 Ng3+ 32. hxg3 Qh5+ 33. Qh3 Qe8 34. Qxc8 1-0


[Site "https://www.chess.com"]

[Event "Titled Tuesday Blitz August 08 Late 2023"]
[White "The_Straightforward_Rook"]
[Black "Ljukin, Sergei"]
[BlackFideId "14102200"]
[WhiteElo "2267"]
[BlackElo "2480"]
[Result "1-0"]
[Round "2"]
[TimeControl "180+1"]
[Date "2023.08.08"]
[WhiteClock "0:01:54"]
[BlackClock "0:00:17"]
[Board "164"]

1. d4 d5 2. Nf3 Nf6 3. c4 c6 4. cxd5 cxd5 5. Nc3 Nc6 6. Bf4 Bf5 7. Qb3 Na5 8. Qa4+ Bd7 9. Qc2 e6 10. e3 Nc6 11. a3 Nh5 12. Bg5 f6 13. Bh4 g5 14. Bg3 f5 15. Be5 Nxe5 16. Nxe5 Bd6 17. Be2 Nf6 18. O-O O-O 19. Rac1 a6 20. f3 Rc8 21. Qd2 b5 22. e4 f4 23. Nxd7 Qxd7 24. e5 Be7 25. exf6 Bxf6 26. Na2 e5 27. dxe5 Bxe5 28. Nb4 d4 29. Bd3 Qd6 30. Rxc8 Rxc8 31. Rc1 Re8 32. Rc6 Qe7 33. Qe2 Qf7 34. Rxa6 Bg7 35. Be4 Kh8 36. Qd3 Qh5 37. Ra8 Rxa8 38. Bxa8 Qh4 39. Nc2 1-0


[Site "https://www.chess.com"]

[Event "Titled Tuesday Blitz August 08 Late 2023"]
[White "Acosta Cruz, Oscar Yosimar"]
[Black "Sadilek, Peter"]
[WhiteFideId "5111269"]
[BlackFideId "1616439"]
[WhiteElo "2260"]
[BlackElo "2479"]
[Result "0-1"]
[Round "2"]
[TimeControl "180+1"]
[Date "2023.08.08"]
[WhiteClock "0:01:33"]
[BlackClock "0:02:26"]
[Board "165"]

1. d4 Nf6 2. Nf3 b6 3. c4 Bb7 4. g3 g6 5. Bg2 Bg7 6. O-O O-O 7. d5 Na6 8. Nc3 Nc5 9. Nd4 a5 10. e4 e5 11. Ndb5 d6 12. Bg5 h6 13. Be3 Nfd7 14. Qd2 Kh7 15. f3 f5 16. b3 Rf7 17. exf5 gxf5 18. Rae1 Nf6 19. Kh1 Bc8 20. Bg1 Bd7 21. Qb2 h5 22. a3 h4 23. gxh4 Nh5 24. Bf2 Nf4 25. Rg1 Ncd3 26. Qb1 Nxf2# 0-1


[Site "https://www.chess.com"]

[Event "Titled Tuesday Blitz August 08 Late 2023"]
[White "Osmak, Yuliia"]
[Black "alfianasybullina"]
[WhiteFideId "14101602"]
[WhiteElo "2479"]
[BlackElo "2259"]
[Result "1-0"]
[Round "2"]
[TimeControl "180+1"]
[Date "2023.08.08"]
[WhiteClock "0:00:12"]
[BlackClock "0:00:16"]
[Board "166"]

1. e4 c6 2. d4 d5 3. exd5 cxd5 4. Bd3 Nc6 5. c3 Nf6 6. Bf4 Bg4 7. Qb3 Qc8 8. Nd2 e6 9. Ngf3 Bxf3 10. Nxf3 Be7 11. O-O O-O 12. Rae1 a6 13. Ne5 Nd7 14. Qc2 h6 15. Ng4 Nf6 16. Nxh6+ gxh6 17. Bxh6 Ne4 18. Bxe4 dxe4 19. Bxf8 Kxf8 20. Qxe4 f5 21. Qxe6 Qxe6 22. Rxe6 Kf7 23. Rfe1 Rd8 24. g3 Bf6 25. h4 Rg8 26. Kf1 Ne7 27. Rb6 f4 28. Rxb7 fxg3 29. fxg3 Rxg3 30. Re4 Rh3 31. d5 Kf8 32. d6 Nf5 33. Kg2 Rg3+ 34. Kh2 Rd3 35. d7 Rd2+ 36. Kh3 Rd3+ 37. Kg4 Ng3 38. Re8+ Kg7 39. d8=Q+ Kg6 40. h5+ Kh6 41. Rh8+ Bxh8 42. Qxh8# 1-0


[Site "https://www.chess.com"]

[Event "Titled Tuesday Blitz August 08 Late 2023"]
[White "Gaal, Zsoka"]
[Black "Rabiega, Robert"]
[WhiteFideId "777765"]
[BlackFideId "4601475"]
[WhiteElo "2475"]
[BlackElo "2257"]
[Result "1-0"]
[Round "2"]
[TimeControl "180+1"]
[Date "2023.08.08"]
[WhiteClock "0:00:17"]
[BlackClock "0:00:06"]
[Board "167"]

1. Nf3 d5 2. g3 c5 3. Bg2 e6 4. O-O Nc6 5. b3 Nf6 6. Bb2 Be7 7. e3 O-O 8. c4 b6 9. d4 Bb7 10. cxd5 exd5 11. Nc3 Rc8 12. Rc1 Qd7 13. Ne5 Qe6 14. Nxc6 Bxc6 15. dxc5 bxc5 16. Ne2 Rfd8 17. Nf4 Qd6 18. Qc2 h6 19. Rfd1 Qb8 20. Qf5 Qb7 21. Bxf6 Bxf6 22. Rxc5 d4 23. Bxc6 Rxc6 24. Qe4 Rb6 25. Qxb7 Rxb7 26. Nd5 Be7 27. Nxe7+ Rxe7 28. Rxd4 Rxd4 29. exd4 Rd7 30. d5 Kf8 31. b4 Ke7 32. Kf1 Kd6 33. Ke2 Rb7 34. a3 Re7+ 35. Kd3 Re1 36. Ra5 Rd1+ 37. Ke3 Re1+ 38. Kd2 Rf1 39. Ke2 Ra1 40. Rxa7 Kxd5 41. Rxf7 Ra2+ 42. Kf1 Rxa3 43. Rxg7 Rb3 44. Rb7 Ke4 45. Kg2 h5 46. b5 h4 47. gxh4 Kf4 48. h3 Kf5 49. Rb6 Rb4 50. Kg3 Rb3+ 51. f3 Rb1 52. h5 Kg5 53. h6 Rg1+ 54. Kf2 Rh1 55. Kg2 Rd1 56. h7 Rd8 57. Rb7 Kf4 58. Rf7+ Ke5 59. b6 Rh8 60. b7 1-0


[Site "https://www.chess.com"]

[Event "Titled Tuesday Blitz August 08 Late 2023"]
[White "Svicevic, Rastko"]
[Black "Cheng, Xiao"]
[WhiteFideId "916315"]
[BlackFideId "2022915"]
[WhiteElo "2257"]
[BlackElo "2474"]
[Result "0-1"]
[Round "2"]
[TimeControl "180+1"]
[Date "2023.08.08"]
[WhiteClock "0:00:00"]
[BlackClock "0:00:19"]
[Board "168"]

1. d4 f5 2. Bg5 Nf6 3. Bxf6 exf6 4. g3 d5 5. Bg2 c6 6. e3 Bd6 7. Ne2 O-O 8. Nd2 Bd7 9. O-O Qe7 10. c4 dxc4 11. Nxc4 Bc7 12. Qc2 Kh8 13. Nf4 Bxf4 14. gxf4 Na6 15. a3 Nc7 16. b4 Ne8 17. Rfd1 Nd6 18. Nxd6 Qxd6 19. d5 cxd5 20. Rxd5 Qe7 21. Qc7 Qe8 22. Rxd7 Qg6 23. Rad1 h5 24. Rd8 Kh7 25. Rxa8 Rxa8 26. Qxb7 Rf8 27. b5 h4 28. Qf3 Rc8 29. a4 Rc2 30. a5 Rb2 31. Qh3 Qh5 32. Bf3 Qg6+ 33. Kh1 Qh6 34. Bc6 Qh5 35. Rg1 Rxf2 36. b6 axb6 37. axb6 Rb2 38. b7 Kg8 39. Bf3 Qh7 40. Rc1 Kf7 41. Qf1 Kg6 42. Qc4 h3 43. Rg1+ Kh6 44. Qf7 g6 45. Qxh7+ Kxh7 46. Rc1 g5 47. Kg1 g4 48. Bh1 Kg6 49. Kf1 Kh5 50. Rc8 Rb1+ 51. Ke2 Rxh1 52. b8=Q Rxh2+ 53. Kd3 Kh4 54. Rh8+ Kg3 55. Qb1 Rg2 56. Qe1+ Rf2 57. e4 fxe4+ 58. Kxe4 Kg2 59. Kf5 g3 60. Qe4+ Kh2 61. Rh4 Ra2 62. Qe3 Ra5+ 63. Kg6 f5 64. Kg5 Ra8 65. Qe2+ g2 66. Qh5 Rg8+ 67. Kxf5 Rg3 68. Rxh3+ Rxh3 69. Qe2 Kh1 70. Qxg2+ Kxg2 0-1


[Site "https://www.chess.com"]

[Event "Titled Tuesday Blitz August 08 Late 2023"]
[White "Ward, Ieuan C"]
[Black "JERO-8914"]
[WhiteFideId "406627"]
[WhiteElo "2250"]
[BlackElo "2468"]
[Result "1-0"]
[Round "2"]
[TimeControl "180+1"]
[Date "2023.08.08"]
[WhiteClock "0:01:01"]
[BlackClock "0:00:56"]
[Board "169"]

1. d4 Nf6 2. c4 e6 3. Nf3 b6 4. g3 Bb7 5. Bg2 Bb4+ 6. Bd2 Be7 7. O-O O-O 8. Nc3 d5 9. Ne5 Nbd7 10. cxd5 exd5 11. Bf4 c5 12. dxc5 Nxc5 13. Qd4 Ne6 14. Qd2 Nxf4 15. Qxf4 Bd6 16. Qd4 Qe7 17. Ng4 Nxg4 18. Qxg4 Qe6 19. Qh5 Be5 20. Rad1 Rfd8 21. e3 Rac8 22. Bh3 Qe7 23. Bxc8 Rxc8 24. Nxd5 Qe6 25. e4 Bxb2 26. Qg5 f6 27. Qf5 Qxf5 28. Ne7+ Kf8 29. Nxf5 Bxe4 30. Nd6 1-0


[Site "https://www.chess.com"]